 Dungeon Crawl Stone Soup version 0.21-a0-257-gbb444f2 (webtiles) character file.

2312 Deeps the Magician (level 9, -1/62 HPs)
             Began as a Purple Draconian Fire Elementalist on Sept 6, 2017.
             Slain by Deeps's ghost (14 damage)
             ... on level 6 of the Dungeon.
             The game lasted 00:14:40 (6435 turns).

Deeps the Magician (DrFE)                           Turns: 6435, Time: 00:14:41

Health: -1/62      AC: 12    Str: 11    XL:     9   Next: 18%
Magic:  19/19      EV: 18    Int: 18    God:
Gold:   331        SH:  0    Dex: 12    Spells: 17/22 levels left

rFire    . . .     SeeInvis .   q - +2 falchion (flame)
rCold    . . .     Gourm    .   (no shield)
rNeg     . . .     Faith    .   (armour unavailable)
rPois    .         Spirit   .   (helmet restricted)
rElec    .         Reflect  .   (no cloak)
rCorr    .         Harm     .   o - +0 pair of gloves
MR       +....                  (no boots)
Stlth    +++.......             (no amulet)
HPRegen  0.20/turn              i - +4 ring of protection
MPRegen  0.16/turn              n - +6 ring of evasion

@: berserk cooldown, slowed, very slow
A: breathe power, unfitting armour, cold-blooded, AC +7
a: Breathe Dispelling Energy


You were on level 6 of the Dungeon.
You were very hungry.

You visited 1 branch of the dungeon, and saw 6 of its levels.

You collected 331 gold pieces.

Inventory:

Hand Weapons
 q - a +2 falchion of flaming (weapon)
Armour
 o - a +0 pair of gloves (worn)
Jewellery
 f - an uncursed ring of stealth
 i - a +4 ring of protection (left hand)
 n - a +6 ring of evasion (right hand)
 r - an uncursed ring of see invisible
 v - an uncursed ring of positive energy
Wands
 c - a wand of iceblast (10/15)
 t - a wand of paralysis (8/24)
Scrolls
 d - a scroll of fear
 g - 3 scrolls of identify
 j - 4 scrolls of amnesia
 k - 2 scrolls of teleportation
 l - a scroll of recharging
 m - 2 scrolls of remove curse
Potions
 h - 4 potions of agility
 s - a potion of cancellation {unknown}
 u - 3 potions of curing
Books
 a - a book of Flames

   Spells                             Type                      Level
   a - Flame Tongue                   Conjuration/Fire             1
   b - Throw Flame                    Conjuration/Fire             2
   c - Conjure Flame                  Conjuration/Fire             3
   d - Inner Flame                    Hexes/Fire                   3
   e - Sticky Flame                   Conjuration/Fire             4
   f - Fireball                       Conjuration/Fire             5
Comestibles
 b - 3 bread rations
 p - 5 meat rations


   Skills:
 - Level 1.7 Dodging
 + Level 6.3 Stealth
 + Level 7.2 Spellcasting
 + Level 6.0 Conjurations
 + Level 6.8 Fire Magic


You had 17 spell levels left.
You knew the following spells:

 Your Spells              Type           Power        Failure   Level  Hunger
a - Flame Tongue          Conj/Fire      ####.        1%          1    None
b - Sticky Flame          Conj/Fire      ####....     8%          4    ###....


Dungeon Overview and Level Annotations

Branches:
Dungeon (6/15)             Temple (0/1) D:6

Altars:
Qazlal

Annotations:
D:3 Deeps's ghost, amateur DsFi
D:6 Deeps's ghost, novice TrFi


Innate Abilities, Weirdness & Mutations

You can breathe bolts of dispelling energy.
Your rich purple scales are hard. (AC +7)
You cannot fit into any form of body armour.
You are cold-blooded and may be slowed by cold attacks.


Message History

Deeps's ghost is severely damaged.
Deeps's ghost hits you.
You hit Deeps's ghost but do no damage.
Deeps's ghost is severely damaged.
You are no longer berserk.
You are exhausted.
You feel yourself slow down.
Deeps's ghost hits you but does no damage.
You barely miss Deeps's ghost.
Your tail-slap misses Deeps's ghost.
Deeps's ghost is severely damaged.
Deeps's ghost hits you but does no damage.
Deeps's ghost hits you!
* * * LOW HITPOINT WARNING * * *
You hit Deeps's ghost but do no damage.
Deeps's ghost is severely damaged.
Deeps's ghost misses you. Deeps's ghost closely misses you.
You hit Deeps's ghost but do no damage.
Deeps's ghost is severely damaged.
Deeps's ghost hits you!
You die...

.... #.# #.. #### #.# #.# ####
#.# ###.##### . ..#####.##
#.....#.. # ######
#........###.....#.# .....# #..#
##..........#.#
.....#####..###...###.....#.###
....†...........@.............##
.....#####..#####W####(.#####..#
.....# #...# #.# #..# ##'#
##.### #.<.# #.# #..# #P.P# ...#
#...# #.####..## #P.... ####
##..#####........# #P.>..
#######....>....####..# #.....
####.[.....######### #..# ##PPP#
.........### #..# #####


You could see Deeps's ghost.

Vanquished Creatures
  Pikel (D:4)
  The ghost of Vibarexel the Quickloader, a novice KoHu (D:5)
  Eustachio (D:5)
  Sigmund (D:4)
  Edmund (D:4)
  An orc warrior (D:6)
  5 ice beasts
  An ogre (D:6)
  2 wights (D:6)
  A howler monkey (D:6)
  3 crimson imps (D:5)
  2 jellies (D:6)
  Ijyb (D:3)
  4 gnolls (D:6)
  5 adders
  2 shadow imps
  An ooze (D:3)
  An adder zombie (D:2)
  An adder skeleton (D:4)
  4 worms
  3 leopard geckos
  10 orcs
  A ball python (D:3)
  4 giant cockroaches
  4 goblins
  7 hobgoblins
  9 jackals
  4 quokkas
  8 bats
  5 frilled lizards
  A jackal skeleton (D:4)
  12 kobolds
  A quokka skeleton (D:5)
  5 rats
113 creatures vanquished.

Vanquished Creatures (others)
  A hound (D:4)
  2 worker ants
  An orc (D:6)
  5 plants
9 creatures vanquished.

Grand Total: 122 creatures vanquished

Notes
Turn   | Place    | Note
-------+----------+-------------------------------------------
     0 | D:1      | Deeps the Draconian Fire Elementalist began the quest for the Orb.
     0 | D:1      | Reached XP level 1. HP: 14/14 MP: 3/3
   500 | D:1      | Reached XP level 2. HP: 20/20 MP: 1/5
  1009 | D:2      | Reached XP level 3. HP: 26/26 MP: 3/6
  1334 | D:2      | You fall through a shaft for 2 floors!
  1703 | D:2      | Reached XP level 4. HP: 33/33 MP: 2/8
  2013 | D:3      | Noticed Deeps's ghost (amateur DsFi)
  2929 | D:4      | Learned a level 4 spell: Sticky Flame
  2971 | D:4      | Noticed Ijyb
  2975 | D:4      | Noticed Sigmund
  2978 | D:4      | Noticed a slave
  2981 | D:4      | Noticed a slave
  3019 | D:3      | Killed Ijyb
  3019 | D:3      | Reached skill level 3 in Spellcasting
  3019 | D:3      | Reached XP level 5. HP: 20/38 MP: 1/9
  3253 | D:4      | Noticed Pikel
  3445 | D:4      | Noticed a slave
  3446 | D:4      | Noticed a slave
  3452 | D:4      | Killed Pikel
  3452 | D:4      | Reached skill level 4 in Spellcasting
  3452 | D:4      | Reached XP level 6. HP: 24/45 MP: 5/12
  3452 | D:4      | Your scales start taking on a rich purple colour.
  3452 | D:4      | Reached XP level 7. HP: 26/50 MP: 5/14
  3680 | D:4      | Killed Sigmund
  3680 | D:4      | Reached skill level 5 in Spellcasting
  3680 | D:4      | Reached skill level 5 in Fire Magic
  3794 | D:4      | Noticed Edmund
  3814 | D:4      | Killed Edmund
  4198 | D:5      | Entered Level 5 of the Dungeon
  4593 | D:5      | Noticed Eustachio
  4604 | D:5      | Killed Eustachio
  4604 | D:5      | Reached XP level 8. HP: 37/57 MP: 4/16
  4607 | D:5      | Reached skill level 5 in Stealth
  4818 | D:5      | Noticed Vibarexel's ghost (novice KoHu)
  5068 | D:5      | Killed Vibarexel's ghost
  5068 | D:5      | Reached skill level 6 in Spellcasting
  5068 | D:5      | Reached skill level 5 in Conjurations
  5720 | D:6      | Found a stormy altar of Qazlal.
  5835 | D:6      | Noticed an air elemental
  5937 | D:6      | Reached skill level 7 in Spellcasting
  5937 | D:6      | Reached XP level 9. HP: 62/62 MP: 15/19
  6317 | D:6      | Noticed Deeps's ghost (novice TrFi)
  6318 | D:6      | Found a staircase to the Ecumenical Temple.
  6435 | D:6      | Slain by Deeps's ghost

Vault maps used:
D:1:      elethiomel_arrival_shortcut
D:2:      serial_forest, infiniplex_forest_lined_room_2,
          infiniplex_forest_lined_room_3, infiniplex_forest_end_2,
          infiniplex_forest_lined_3_way, infiniplex_forest_pool,
          infiniplex_forest_lined_room_2
D:3:      kennysheep_generic_room_13
D:4:      first_bread, uniq_ijyb, uniq_edmund, uniq_pikel, uniq_sigmund
D:5:      serial_bayou_lake_a, uniq_eustachio
D:6:      nicolae_qazlal_style_of_elements, lemuel_coloured_pillars_altar,
          minmay_temple_entry_enclosed_plants, grunt_decor_one_mirror,
          lemuel_flamethrower_2

Skill      XL: |  1  2  3  4  5  6  7  8  9 |
---------------+----------------------------+-----
Stealth        | 2 4 6 |  6.3
Conjurations   | 2 3 4 5 6 |  6.0
Spellcasting   | 3 4 5 7 |  7.2
Fire Magic     | 4 5 6 |  6.8
Dodging        | |  1.7

Action                   |  1- 3 |  4- 6 |  7- 9 || total
-------------------------+-------+-------+-------++-------
Melee: Short sword       |    21 |       |       ||    21
       Unarmed           |     7 |       |       ||     7
       Falchion          |    13 |    40 |   104 ||   157
       Tailslap          |     3 |     6 |    16 ||    25
 Cast: Flame Tongue      |    72 |    80 |   121 ||   273
       Sticky Flame      |       |       |    11 ||    11
 Abil: Breathe Dispellin |       |       |     9 ||     9
  Use: Scroll            |       |    11 |     1 ||    12
       Potion            |       |     4 |     5 ||     9
 Stab: Sleeping          |       |     1 |     1 ||     2
  Eat: Chunk             |     3 |     1 |     3 ||     7
       Bread ration      |       |     1 |     1 ||     2
       Meat ration       |       |       |     1 ||     1
Armor: Skin              |    31 |    22 |    54 ||   107
Dodge: Dodged            |    60 |    43 |   104 ||   207
       Rpst.: Falchion   |     4 |    10 |    31 ||    45

Table legend:
 A = Spawn XP
 B = Non-spawn XP
 C = Spawn XP percentage of total XP
 D = Spawn monster count
 E = Non-spawn monster count
 F = Spawn count percentage of total count
 G = Total turns spent on level
                    A         B        C        D         E        F      G
               +---------+---------+-------+---------+---------+-------+---------
         Total |       0 |    3304 |   0.0 |       0 |     113 |   0.0 |  6435
               +---------+---------+-------+---------+---------+-------+---------
           D:1 |       0 |      30 |   0.0 |       0 |      20 |   0.0 |   958
           D:2 |       0 |      67 |   0.0 |       0 |      26 |   0.0 |  1130
           D:3 |       0 |      96 |   0.0 |       0 |      19 |   0.0 |  1056
           D:4 |       0 |    1015 |   0.0 |       0 |      11 |   0.0 |  1054
           D:5 |       0 |    1000 |   0.0 |       0 |      17 |   0.0 |  1425
           D:6 |       0 |    1096 |   0.0 |       0 |      20 |   0.0 |   812
               +---------+---------+-------+---------+---------+-------+---------
